 Dungeon Crawl Stone Soup version 0.23.0 (webtiles) character file.

Game seed: 4641433594135301029

97 Anathematize the Chiller (level 4, -1/32 HPs)
             Began as a Merfolk Ice Elementalist on Feb 20, 2019.
             Succumbed to a hornet's poison
             ... in a sewer.
             The game lasted 00:11:12 (2812 turns).

Anathematize the Chiller (Merfolk Ice Elementalist) Turns: 2812, Time: 00:11:12

Health: -1/32      AC:  3    Str:  8    XL:     4   Next: 68%
Magic:  7/7        EV: 13    Int: 15    God:
Gold:   65         SH:  0    Dex: 14    Spells: 3/8 levels left

rFire    . . .     SeeInvis .   g - +0 dagger
rCold    . . .     Gourm    .   (no shield)
rNeg     . . .     Faith    .   b - +0 leather armour
rPois    .         Spirit   .   (no helmet)
rElec    .         Reflect  .   (no cloak)
rCorr    .         Harm     .   (no gloves)
MR       .....                  (no boots)
Stlth    ++........             (no amulet)
HPRegen  0.10/turn              (no ring)
MPRegen  0.10/turn              (no ring)

@: lethally poisoned (-1 -> -13), slowed, very slow
A: change form in water, swift swim, stealthy swim
a: no special abilities


You were in a sewer.
You were not hungry.

You visited 1 branch of the dungeon, and saw 5 of its levels.
You also visited: Sewer.

You collected 65 gold pieces.

Inventory:

Hand Weapons
 g - a +0 dagger (weapon)
 q - a cursed -2 spear
Missiles
 h - 24 stones (quivered)
Armour
 a - a +0 robe
 b - a +0 leather armour (worn)
 l - a +0 ring mail
Wands
 f - a wand of polymorph (4)
Scrolls
 e - a scroll of remove curse {unknown}
 n - a scroll of random uselessness {unknown}
 p - a scroll of magic mapping {unknown}
Potions
 d - a potion of flight
 i - a potion of ambrosia {unknown}
 j - a potion of magic {unknown}
 k - a potion of curing {unknown}
 o - a potion of cancellation {unknown}
 r - a potion of haste {unknown}
 s - 3 potions of heal wounds {unknown}
Comestibles
 c - 4 rations
 m - a chunk of flesh


   Skills:
 + Level 1.6 Fighting
 * Level 1.2 Polearms
 - Level 3.4 Dodging
 - Level 2.1 Stealth
 + Level 2.5 Spellcasting
   Level 0.7 Conjurations
 * Level 0.6 Summonings
 * Level 4.4 Ice Magic


You had 3 spell levels left.
You knew the following spells:

 Your Spells              Type           Power        Failure   Level  Hunger
a - Freeze                Ice            ###.         4%          1    #......
b - Summon Ice Beast      Ice/Summ       #.......     73%         4    #####..

Your spell library contained the following spells:

 Spells                   Type           Power        Failure   Level  Hunger
 Throw Frost              Conj/Ice       #.....       16%         2    ###....
 Ozocubu's Armour         Chrm/Ice       #.......     36%         3    ###....
 Throw Icicle             Conj/Ice       #.......     71%         4    #####..


Dungeon Overview and Level Annotations

Branches:
Dungeon (5/15)
 Temple: D:4-7

Altars:

Annotations:
D:5 Ijyb


Message History

Aim: a hornet (chance to defeat MR: 37%)
The hornet easily resists.
You feel sick. The hornet stings you!
You feel as though you will be slow longer.
The hornet stings you!
You are lethally poisoned!
You feel as though you will be slow longer.
Evoke which item? (* to show all) (? for menu, Esc to quit)
Aiming: Polymorph
Press: ? - help, Shift-Dir - straight line, f/p - hornet
Aim: a hornet (chance to defeat MR: 37%)
The hornet evaporates and reforms as a warg!
You feel sick.
The kobold hits you with a +0 short sword.
* * * LOW HITPOINT WARNING * * *
The warg bites you.
* * * LOW HITPOINT WARNING * * *
The kobold closely misses you. The warg bites you.
* * * LOW HITPOINT WARNING * * *
Unknown command.
You die...

#### ### ###..####.###
............#####
................###
....P.............#
................@.##
.................Kh#
P.≈.......≈≈P...≈≈.)!...#
≈≈≈≈...≈≈≈≈≈≈....≈≈'..∩.#
≈P≈≈P..P≈P≈≈P≈≈.≈≈≈#...!#
≈#≈#######≈##############
≈≈≈≈≈ ≈≈≈≈≈ ≈≈≈≈≈ ≈≈≈≈≈≈
≈≈≈≈ ≈≈≈≈


You could see a warg and a kobold.

Vanquished Creatures
  4 adders
  An ooze (Sewer)
  3 worms (D:2)
  A dart slug (D:1)
  2 leopard geckos (D:2)
  2 ball pythons
  7 bats
  2 giant cockroaches (D:2)
  3 goblins (D:1)
  2 hobgoblins
  2 jackals (D:1)
  8 kobolds
  A quokka (D:2)
  3 frilled lizards
  4 rats
45 creatures vanquished.

Notes
Turn   | Place    | Note
-------+----------+-------------------------------------------
     0 | D:1      | Anathematize the Merfolk Ice Elementalist began the quest
                  | for the Orb.
     0 | D:1      | Reached XP level 1. HP: 13/13 MP: 3/3
   445 | D:1      | Reached XP level 2. HP: 20/20 MP: 3/5
  1366 | D:2      | Reached skill level 1 in Fighting
  1366 | D:2      | Reached XP level 3. HP: 26/26 MP: 2/6
  1499 | D:2      | Reached skill level 4 in Ice Magic
  2054 | D:2      | Reached XP level 4. HP: 27/32 MP: 5/7
  2079 | D:2      | Learned a level 4 spell: Summon Ice Beast
  2181 | D:3      | Noticed a sky beast
  2322 | D:3      | You fall through a shaft for 2 floors!
  2322 | D:5      | Entered Level 5 of the Dungeon
  2332 | D:5      | Noticed Ijyb
  2368 | D:4      | Noticed an ogre
  2370 | D:4      | Noticed a sky beast
  2370 | D:4      | an ogre changed into a sky beast
  2546 | D:3      | Found a glowing drain.
  2583 | Sewer    | Entered a sewer
  2717 | Sewer    | Reached skill level 1 in Polearms
  2806 | Sewer    | Noticed a big kobold
  2808 | Sewer    | Noticed a hornet
  2808 | Sewer    | a big kobold changed into a hornet
  2811 | Sewer    | Noticed a warg
  2811 | Sewer    | a hornet changed into a warg
  2811 | Sewer    | HP: 1/32 [warg (4)]
  2812 | Sewer    | Succumbed to a hornet's poison

Skill      XL: |  1  2  3  4 |
---------------+-------------+-----
Dodging        | 3 |  3.4
Fighting       | 1 |  1.6
Ice Magic      | 4 |  4.4
Polearms       | 1 |  1.2
Stealth        | |  2.1
Spellcasting   | |  2.5
Conjurations   | |  0.7
Summonings     | |  0.6

Action                   |  1- 3 |  4- 6 || total
-------------------------+-------+-------++-------
Melee: Hand axe          |     9 |       ||     9
       Dagger            |    12 |    11 ||    23
Throw: Stone             |     5 |       ||     5
 Cast: Freeze            |    51 |    23 ||    74
Evoke: Wand              |       |     5 ||     5
  Use: Scroll            |     2 |     3 ||     5
 Stab: Sleeping          |     2 |     2 ||     4
  Eat: Ration            |     1 |     1 ||     2
       Chunk             |     1 |     1 ||     2
Armor: Robe              |     3 |       ||     3
       Leather armour    |     6 |    18 ||    24
Dodge: Dodged            |    37 |    37 ||    74
